 Dungeon Crawl Stone Soup version 0.21-a0-55-gb612c23 (webtiles) character file.

1 Arkorax the Skirmisher (level 1, 0/18 HPs)
             Began as a Gnoll Wanderer on June 15, 2017.
             Succumbed to a kobold's poison
             ... on level 1 of the Dungeon.
             The game lasted 00:00:19 (109 turns).

Arkorax the Skirmisher (Gnoll Wanderer)              Turns: 109, Time: 00:00:20

Health: 0/18       AC:  5    Str: 10    XL:     1   Next: 20%
Magic:  2/2        EV: 11    Int: 14    God:
Gold:   34         SH:  0    Dex: 12    Spells: 0/0 levels left

rFire    . . .     SeeInvis .   d - 2 bread rations {!e}
rCold    . . .     Gourm    .   (no shield)
rNeg     . . .     Faith    .   a - +2 leather armour
rPois    .         Spirit   .   (no helmet)
rElec    .         Reflect  .   (no cloak)
rCorr    .         Harm     .   (no gloves)
MR       .....                  (no boots)
Stlth    +.........             (no amulet)
HPRegen  0.06/turn              (no ring)
MPRegen  0.08/turn              (no ring)

@: lethally poisoned (0 -> -7)
A: short attention span, fangs 1, strong nose
a: no special abilities


You were on level 1 of the Dungeon.
You were not hungry.

You visited 1 branch of the dungeon, and saw 1 of its levels.

You collected 34 gold pieces.

Inventory:

Hand Weapons
 b - a +0 quarterstaff
 c - a +0 falchion
Armour
 a - a +2 leather armour (worn)
Scrolls
 e - a scroll of noise {unknown}
Comestibles
 d - 2 bread rations (in hand) {!e}


   Skills:
 + Level 3.4 Fighting
 + Level 3.4 Long Blades
 + Level 1.7 Dodging
   Level 1.7 Shields
   Level 3.2 Translocations
   Level 1.7 Fire Magic
   Level 1.7 Evocations


You couldn't memorise any spells.
You didn't know any spells.

Dungeon Overview and Level Annotations

Branches:
Dungeon (1/15)

Altars:


Innate Abilities, Weirdness & Mutations

You have a short attention span.
You have very sharp teeth.
Your uncanny sense of smell can sniff out nearby items.


Message History

You hit the kobold.
You kill the kobold!
You feel sick.
Damage: 2 (max 2) No target in view!
No target in view!
No target in view!
You aren't carrying any potions.
Wield which item (- for none, * to show all)? (? for menu, Esc to quit)
You are now empty-handed.
Wield which item (- for none, * to show all)? (? for menu, Esc to quit)
d - 2 bread rations (in hand) {!e} You feel sick.
Damage: 1 (max 2)
You swing at nothing.
You feel sick.
Damage: 1 (max 2)
You swing at nothing.
* * * LOW HITPOINT WARNING * * *
You feel sick.
Damage: 1 (max 2)
You swing at nothing.
* * * LOW HITPOINT WARNING * * *
You feel sick.
Damage: 2 (max 2)
You swing at nothing.
* * * LOW HITPOINT WARNING * * *
You feel sick.
Damage: 1 (max 2)
You swing at nothing.
* * * LOW HITPOINT WARNING * * *
You feel sick.
Damage: 1 (max 2)
You swing at nothing.
* * * LOW HITPOINT WARNING * * *
You feel sick.
Damage: 1 (max 2)
You swing at nothing.
* * * LOW HITPOINT WARNING * * *
You feel sick.
Damage: 1 (max 2)
You swing at nothing.
* * * LOW HITPOINT WARNING * * *
You feel sick.
Damage: 1 (max 2)
You swing at nothing.
* * * LOW HITPOINT WARNING * * *
You feel sick.
Damage: 1 (max 2)
You swing at nothing.
You die...

#♣..# ♣≈..#######..♣ #
♣..# ##...........# ##.
#♣..# #. #...........#
#...♣♣♣...###.#
♣.#♣♣.♣.♣####
#.............# #♣♣
♣#.♣♣
#.####....###.####
######
#.#..)......#.....
#.####.#..##.......####
#..[...........@)......
######.#...##$.###..>.#
#.##..##..###.####
#.##...#......#
#........##.###
####...........
#..##....### #..##.####
#..##>#


There were no monsters in sight!

Vanquished Creatures
  2 kobolds (D:1)
2 creatures vanquished.

Notes
Turn   | Place    | Note
-------+----------+-------------------------------------------
     0 | D:1      | Arkorax the Gnoll Wanderer began the quest for the Orb.
     0 | D:1      | Arkorax set off with: a +2 leather armour, a +0 quarterstaff, a +0 falchion, a bread ration {!e}
     0 | D:1      | Reached XP level 1. HP: 18/18 MP: 2/2
   104 | D:1      | HP: 5/18 [poisoned by a kobold]
   107 | D:1      | HP: 2/18 [poisoned by a kobold]
   109 | D:1      | Succumbed to a kobold's poison

Vault maps used:
D:1:      saegor_arrival_under_anarchy, minmay_stone_trees_small,
          minmay_misc_feat_x

Action                   || total
-------------------------++-------
Melee: Falchion          ||     4
Armor: Leather armour    ||     2
Dodge: Dodged            ||     2
       Rpst.: Falchion   ||     1

Table legend:
 A = Turns spent in this place as a percentage of turns spent in the entire game.
 B = Non-inter-level travel turns spent in this place as a percentage of non-inter-level travel turns spent in the entire game.
 C = Inter-level travel turns spent in this place as a percentage of turns spent in this place.
 D = Turns resting spent in this place as a percentage of non-inter-level travel turns spent in this place.
 E = Turns spent auto-exploring this place as a percentage of non-inter-level travel turns spent in this place.
 F = Non-inter-level travel turns spent in this place divided by the number of levels of this place that you've seen.
                   A       B       C       D       E      F
               +-------+-------+-------+-------+-------+----------------------
         Total | 100.0 | 100.0 |   0.0 |   0.0 |  15.9 |  44.0
       Dungeon | 100.0 | 100.0 |   0.0 |   0.0 |  15.9 |  44.0
               +-------+-------+-------+-------+-------+----------------------

Vault maps used:
D:1:      saegor_arrival_under_anarchy, minmay_stone_trees_small,
          minmay_misc_feat_x
